 Dungeon Crawl Stone Soup version 0.30-a0-743-gbfdf073431 (webtiles) character file.

Game seed: 12830765687557676979

60 Leeroy the Slasher (level 4, -1/23 HPs)
             Began as a Vine Stalker Warper on Feb 5, 2023.
             Slain by an orc wizard
             ... wielding a +0 dagger
              (3 damage)
             ... on level 3 of the Dungeon.
             The game lasted 00:01:20 (1793 turns).

Leeroy the Slasher (Vine Stalker Warper)            Turns: 1793, Time: 00:01:21

Health: -1/23      AC:  4    Str: 13    XL:     4   Next: 4%
Magic:  0/8        EV: 11    Int: 13    God:
Gold:   134        SH:  0    Dex: 16    Spells: 7/7 levels left

rFire   . . .      SeeInvis .    a - +0 falchion
rCold   . . .      Faith    .    (no shield)
rNeg    . . .      Spirit   +    b - +0 leather armour
rPois   .          Reflect  .    (no helmet)
rElec   .          Harm     .    (no cloak)
rCorr   .          Rampage  .    (no gloves)
Will    .....                    g - +0 pair of boots
Stlth   +                        h - amulet of magic regeneration
HPRegen 1.03/turn                (no ring)
MPRegen 0.51/turn                (no ring)

@: no status effects
A: fangs 2, regeneration 1, magic shield, antimagic bite, no potion heal 2
a: no special abilities


You were on level 3 of the Dungeon.
You visited 1 branch of the dungeon, and saw 3 of its levels.

You collected 134 gold pieces.

Inventory:

Hand Weapons
 a - a +0 falchion (weapon)
Missiles
 d - 7 boomerangs of dispersal (quivered)
 i - 2 poisoned darts
Armour
 b - a +0 leather armour (worn)
 g - a +0 pair of boots (worn)
Jewellery
 h - an amulet of magic regeneration (around neck)
 l - a ring of ice
Scrolls
 c - 2 scrolls of blinking
 e - 2 scrolls of identify {unknown}
 j - 2 scrolls of teleportation {unknown}
Potions
 f - a potion of resistance {unknown}
 k - 2 potions of haste {unknown}


   Skills:
 - Level 1.7 Fighting
 * Level 3.8 Long Blades
 - Level 0.8 Throwing
 - Level 0.7 Armour
 - Level 1.5 Dodging
 - Level 2.1 Spellcasting
 - Level 3.0 Translocations


You had 7 spell levels left.
You didn't know any spells.
Your spell library contained the following spells:

 Spells                   Type           Power      Damage    Failure   Level
 Blink                    Tloc           18%        N/A       14%         2
 Lesser Beckoning         Tloc           18%        N/A       14%         2
 Teleport Other           Tloc           9%         N/A       28%         3
 Vhi's Electric Charge    Tloc/Air       10%        N/A       45%         3
 Manifold Assault         Tloc           9%         N/A       67%         4


Dungeon Overview and Level Annotations

Branches:
Dungeon (3/15)

Altars:


Innate Abilities, Weirdness & Mutations

You have extremely sharp teeth.
Your natural rate of healing is unusually fast.
When hurt, damage is shared between your health and your magic reserves.
Your bite disrupts and absorbs the magic of your enemies.
Potions cannot restore your health.


Message History

There is a stone staircase leading up here.
There are monsters nearby!
An orc and an orc wizard come into view.
Found a short glowing staff.
The orc shouts!
You hit the bat. You bite the bat.
You kill the bat!
Found 15 gold pieces.
Found an escape hatch in the floor.
A bat comes into view.
You see here a bat corpse.
You barely miss the bat. Your bite misses the bat.
The bat hits you but does no damage. The bat closely misses you.
The orc barely misses you.
The orc wizard hits you but does no damage.
The orc hits you with a +1 heavy flail!
You closely miss the orc wizard. Your bite misses the orc wizard.
The bat barely misses you. The orc hits you with a +0 short sword.
The orc wizard gestures at you while chanting.
The puff of flame misses you.
You barely miss the orc wizard. The orc barely misses you. The orc misses you.
The orc wizard points at you and mumbles some strange words.
You resist with some effort.
You hit the orc wizard. You bite the orc wizard.
The orc wizard's magic leaks into the air.
You drain its magic.
You feel invigorated.
The orc wizard is moderately wounded.
The orc wizard hits you with a +0 dagger.
The orc hits you with a +1 heavy flail!
* * * LOW HITPOINT WARNING * * *
The orc hits you with a +0 short sword.
* * * LOW HITPOINT WARNING * * *
You are too injured to fight recklessly!
You are too injured to fight recklessly!
You are too injured to fight recklessly!
You are too injured to fight recklessly!
You are too injured to fight recklessly!
You closely miss the orc wizard. Your bite misses the orc wizard.
The orc wizard is moderately wounded.
The orc wizard hits you with a +0 dagger.
You die...

###############
#.............#
#....?........#
#$............##
#............>..
#.............#
#............#
#.<.†..o....#.
#..>..@ob.....
#......o....##
......?......$#
........##.#####
|...##.#.. .#
...! #.......
.... ####..#..
.#


You could see an orc wizard (magic disrupted), 2 orcs and a bat.

Vanquished Creatures
  3 gnolls (D:2)
  2 worms (D:2)
  7 bats
  An endoplasm (D:2)
  A giant cockroach (D:2)
  2 hobgoblins (D:2)
  3 ball pythons
  4 frilled lizards
  A goblin (D:2)
  5 rats
29 creatures vanquished.

Notes
Turn   | Place    | Note
-------+----------+-------------------------------------------
     0 | D:1      | Leeroy the Vine Stalker Warper began the quest for the Orb.
     0 | D:1      | Reached XP level 1. HP: 11/11 MP: 4/4
   358 | D:1      | You fall into a shaft and drop 1 floor!
   411 | D:2      | Reached XP level 2. HP: 15/15 MP: 6/6
   927 | D:2      | Found a faded altar of an unknown god.
  1049 | D:2      | Reached XP level 3. HP: 8/18 MP: 4/7
  1667 | D:2      | Gained mutation: Your natural rate of healing is unusually
                  | fast. [Vine Stalker growth]
  1667 | D:2      | Reached XP level 4. HP: 23/23 MP: 8/8
  1792 | D:3      | HP: 1/23 [orc/+0 short sword (2)]
  1793 | D:3      | Slain by an orc wizard

Illustrated notes

Levels and vault maps discovered:
D:1:      giann_horns, layout_basic
D:2:      layout_basic, ebering_ecumenical_altar_webs
D:3:      layout_rooms, serial_shops, nicolae_diamond_shop

Skill      XL: |  1  2 |
---------------+-------+-----
Long Blades    | 2 3 |  3.8
Fighting       | |  1.7
Throwing       | |  0.8
Armour         | |  0.7
Dodging        | |  1.5
Spellcasting   | |  2.1
Translocations | |  3.0

Action                     |  1- 3 |  4- 6 || total
---------------------------+-------+-------++-------
  Melee: Falchion          |    71 |     6 ||    77
         Bite              |    17 |     2 ||    19
 Armour: Leather armour    |    36 |     2 ||    38
  Dodge: Dodged            |    63 |     6 ||    69

Table legend: (Time is in decaauts)
 A = Elapsed time spent in this place.
 B = Non-inter-level travel time spent in this place.
 C = Inter-level travel time spent in this place.
 D = Time resting spent in this place.
 E = Time spent auto-exploring this place.
 F = Levels seen in this place.
 G = Mean time per level.
                   A        B        C        D        E       F      G
               +--------+--------+--------+--------+--------+-----+--------+
         Total |   1805 |   1712 |     93 |      0 |   1433 |   3 |  601.7 |
       Dungeon |   1805 |   1712 |     93 |      0 |   1433 |   3 |  601.7 |
               +--------+--------+--------+--------+--------+-----+--------+

Top non-repeatable levels by time:
     D:2: 965 daAuts
     D:1: 829 daAuts
     D:3: 10 daAuts
